Match 46507722
Unlisted

Match 46507722
End
Construct Barracks
Engineer Squad
Selects Advanced Infantry Battlegroup
1⁄4-ton 4x4 Truck
Riflemen Squad
Riflemen Squad
.30 cal Machine Gun
Air Support Center
Grenade Package
Construct Motor Pool
Selects Convert to Ranger Squad
Selects Frontline Medical Station
Frontline Medical Station
P-47 Strafing Run
M8 Greyhound Armored Car
Selects Infantry Assault
M1918 Browning Automatic Rifles
M1 Anti-tank Gun Team
Riflemen Squad
Infantry Assault
Riflemen Squad
Riflemen Squad
M1 Anti-tank Gun Team
.30 cal Machine Gun
Construct Tank Depot
Infantry Assault
Selects Ammunition Storage
Engineer Squad
.30 cal Machine Gun
M4A1 Sherman Medium Tank
Infantry Assault
M18 Hellcat Tank Destroyer
.30 cal Machine Gun
Engineer Squad
Infantry Assault
M18 Hellcat Tank Destroyer
.30 cal Machine Gun
M4A1 Sherman Medium Tank
Infantry Assault
Frontline Medical Station
Engineer Squad
Engineer Squad
M18 Hellcat Tank Destroyer
Infantry Assault
M4A1 Sherman Medium Tank
Riflemen Squad
P-47 Dive Bomb
Frontline Medical Station
Infantry Assault
Riflemen Squad
Riflemen Squad
Engineer Squad
P-47 Strafing Run
M18 Hellcat Tank Destroyer
Infantry Assault
Engineer Squad
Engineer Squad
kingweef
Mr_NoteAr
User1diego
GGGG8888
AlexK
OCTAVOR1
Potatis
414 Krokant
0
0

Comments sign in to comment!

No comments posted yet!